cohdb
Replays
Latest Replays
All Replays
Popular Replays
Top Player Replays
Match Explorer
How It Works
Community
CoH3 Stats
Reddit
Sign in to upload your games and track your stats! →
Sign in with Steam
Match 42563471
Unlisted
Match 42563471
Overview
Messages
Build Orders
End
Vickers Machine Gun Team
Construct Section Command Post
Construct Section Command Post
Dingo Light Scout Car
Selects Heavy Armor Battlegroup
Dingo Light Scout Car
Infantry Section
Infantry Section
Construct Platoon Command Post
Selects Light Vehicle Withdraw and Refit
Light Vehicle Withdraw and Refit
Unlock M3 Stuart Light Tanks
M3 Stuart Light Tank
6-pounder Anti-tank Gun Team
Light Vehicle Withdraw and Refit
Construct Field Infirmary
Infantry Section
M3 Stuart Light Tank
M3 Stuart Light Tank
IRAN™
Foreskin
✠Kaiser✠ tushkan
Brit Dingo+Eng+MG=GG
0
0
Comments
sign in to comment!
No comments posted yet!